Warning! The script has encountered some errors when parsing the replay. Please report them to the . » details
0x00, prev: 0x16: 16 02 01 00 19 60 00 00 06 AC 00 00 [00] 00 00 00 00 00 00 00 00 00 00 00 00 00 00 00 00 00 00 00 00 00 00 00 00 00 02 1F 00 12 00 00 03 00 0D 00 FF FF FF FF FF FF FF FF 90 9C 9F C5 06 F0 BA C4 FF FF FF FF FF FF FF FF
0x00, prev: 0x00: 16 02 01 00 19 60 00 00 06 AC 00 00 00 00 00 00 00 00 00 00 00 00 00 00 00 00 00 00 00 00 00 00 00 00 00 00 [00] 00 02 1F 00 12 00 00 03 00 0D 00 FF FF FF FF FF FF FF FF 90 9C 9F C5 06 F0 BA C4 FF FF FF FF FF FF FF FF
General information
- name: BNet
- type: Ladder team game (AT/RT)
- host: Battle.net
- saver: ArthurRussell
map: TidewaterGlades
- players: 4
- length: 07:41
- speed: Fast
- version: 1.23 W3XP
- replay type: Public
» download(45 KB)
Players
team 1 (loser)
Leiani08 (
green | 66 APM | 504 actions | 07:35)
1 Blood Mage
1 Flame Strike
» actions
| Build / train | 23 | |
| Enter build submenu | 9 | |
| Enter hero's abilities submenu | 1 | |
| Right click | 314 | |
| Select / deselect | 146 | |
| Use ability | 11 | |
504 total
» units
| Peasant | 4 | |
| Footman | 11 | |
| Rifleman | 5 | |
20 total
» buildings
| Barracks | 2 | |
| Altar of Kings | 1 | |
| Farm | 4 | |
| Blacksmith | 1 | |
| Keep | 1 | |
9 total
» build order
00:10 Barracks
00:14 Barracks
00:49 Altar of Kings
01:05 Farm
01:53 Farm
02:38 Farm
03:53 Farm
05:00 Blacksmith
05:57 Keep
ANGRY_JEW_MAN (
red | 117 APM | 898 actions | 07:40)
1 Demon Hunter
1 Mana Burn
1 Naga Sea Witch
1 Frost Arrows
» actions
| Assign group hotkey | 27 | |
| Basic commands | 1 | |
| Build / train | 31 | |
| ESC pressed | 1 | |
| Enter build submenu | 12 | |
| Enter hero's abilities submenu | 2 | |
| Right click | 479 | |
| Select / deselect | 122 | |
| Select group hotkey | 195 | |
| Use ability | 28 | |
898 total
» units
» upgrades
| Strength of the Wild | 1 | |
| Abolish Magic | 1 | |
2 total
» buildings
| Altar of Elders | 1 | |
| Moon Well | 4 | |
| Hunter's Hall | 1 | |
| Ancient of War | 1 | |
| Tree of Ages | 1 | |
| Ancient of Wonders | 1 | |
| Ancient of Lore | 2 | |
11 total
» build order
00:13 Altar of Elders
00:18 Moon Well
01:36 Hunter's Hall
01:59 Ancient of War
02:14 Moon Well
03:06 Tree of Ages
04:00 Moon Well
04:19 Ancient of Wonders
05:08 Moon Well
05:30 Ancient of Lore
05:39 Ancient of Lore
team 2 (winner)
ANGRY_GREEK_MAN (
blue | 118 APM | 904 actions | 07:41)
1 Blood Mage
1 Flame Strike
1 Pandaren Brewmaster
1 Breath of Fire
» actions
| Assign group hotkey | 11 | |
| Basic commands | 11 | |
| Build / train | 24 | |
| ESC pressed | 1 | |
| Enter build submenu | 14 | |
| Enter hero's abilities submenu | 2 | |
| Remove unit from queue | 2 | |
| Right click | 474 | |
| Select / deselect | 127 | |
| Select group hotkey | 213 | |
| Use ability | 25 | |
904 total
» units
» upgrades
» buildings
| Altar of Kings | 1 | |
| Farm | 6 | |
| Barracks | 1 | |
| Lumber Mill | 1 | |
| Keep | 1 | |
| Scout Tower | 1 | |
| Arcane Vault | 1 | |
| Guard Tower | 1 | |
| Blacksmith | 1 | |
| Arcane Sanctum | 1 | |
15 total
» build order
00:12 Altar of Kings
00:16 Farm
00:39 Barracks
00:53 Farm
02:08 Lumber Mill
03:12 Keep
03:16 Farm
04:02 Scout Tower
04:04 Arcane Vault
05:08 Guard Tower
05:11 Blacksmith
05:30 Farm
06:00 Farm
06:01 Farm
06:08 Arcane Sanctum
» items

»
ArthurRussell (
orange | 88 APM | 678 actions | 07:41)
1 Priestess of the Moon
1 Scout
» actions
| Assign group hotkey | 48 | |
| Basic commands | 22 | |
| Build / train | 18 | |
| Enter build submenu | 8 | |
| Enter hero's abilities submenu | 1 | |
| Right click | 419 | |
| Select / deselect | 80 | |
| Select group hotkey | 67 | |
| Use ability | 15 | |
678 total
» units
» buildings
| Altar of Elders | 1 | |
| Moon Well | 4 | |
| Hunter's Hall | 1 | |
| Ancient of War | 2 | |
8 total
» build order
00:15 Altar of Elders
00:16 Moon Well
01:53 Hunter's Hall
01:57 Ancient of War
01:58 Ancient of War
02:10 Moon Well
02:31 Moon Well
04:04 Moon Well
Chat log
(00:02 / All) ANGRY_GREEK_MAN: rofl
(00:04 / All) ArthurRussell: does my guy get the free win?
(00:04 / All) ANGRY_JEW_MAN: <3 LOL
(00:07 / All) ANGRY_GREEK_MAN: NIGHT ELF?
(00:20 / All) ANGRY_GREEK_MAN: WHAT IS WRONG WITH YOU?~!
(00:22 / Allies) ArthurRussell: hey guy
(00:24 / All) ANGRY_GREEK_MAN: BABO NE?
(00:26 / Allies) ArthurRussell: where can i get phoenix hack?
(00:26 / All) ANGRY_JEW_MAN: iM A FAT NIGGER...
(00:30 / All) ANGRY_GREEK_MAN: :D
(00:38 / Allies) ArthurRussell: WHERE CAN I GET?
(01:14 / All) ArthurRussell: its ok u didnt need it anyway
(01:16 / All) ArthurRussell: hacker
(01:21 / All) ANGRY_GREEK_MAN: ?
(01:32 / All) ANGRY_JEW_MAN: lol u maphack :)
(01:38 / All) ANGRY_GREEK_MAN: who?
(01:50 / All) ANGRY_JEW_MAN: ur teamate
(01:51 / All) ANGRY_JEW_MAN: Rofl
(01:57 / All) ANGRY_GREEK_MAN: nice
(02:06 / All) ArthurRussell: GIVE ME W3ADVANCED
(02:13 / All) ArthurRussell: or ill REPORT U BOTH
(02:18 / All) ANGRY_GREEK_MAN: ?
(02:21 / All) ANGRY_GREEK_MAN: lol
(02:23 / All) ANGRY_GREEK_MAN: im confused
(02:23 / All) ANGRY_JEW_MAN: orange ur a maphacker o_O
(02:30 / All) ANGRY_JEW_MAN: im telling my mom
(03:31 / All) ANGRY_JEW_MAN: BLOod mAgES!
(04:24 / All) ArthurRussell: first blood!
(05:03 / All) ANGRY_JEW_MAN: lagnet
(06:36 / All) ANGRY_JEW_MAN: FIRST HERO BLOOD
(07:36 / All) ArthurRussell: MILILTIA U NOOB
(07:39 / All) ANGRY_JEW_MAN: FUCKING NOOB TEAMATES